 Dungeon Sprint DCSS version 0.20-a0-809-gaf7f668 (webtiles) character file.

150 esc the Geomancer (level 8, -8/56 HPs)
             Began as a Gargoyle Earth Elementalist on Mar 3, 2017.
             Was a Priest of Sif Muna.
             Mangled by a spriggan rider
             ... wielding a +0 spear
              (22 damage)
             ... in the Dungeon (Sprint VI: "Thunderdome").
             The game lasted 00:07:50 (814 turns).

esc the Geomancer (Gargoyle Earth Elementalist)      Turns: 814, Time: 00:07:51

Health: -8/56      AC: 10    Str: 18    XL:     8   Next: 43%
Magic:  12/28      EV: 15    Int: 21    God:    Sif Muna [***...]
Gold:   213        SH:  0    Dex: 10    Spells: 12/22 levels left

rFire    + . .     SeeInvis .   s - +0 flail
rCold    . . .     Gourm    .   c - +0 robe
rNeg     + + .     Faith    .   (no shield)
rPois    ∞         Spirit   .   (no helmet)
rElec    +         Reflect  .   (no cloak)
rCorr    .         Harm     .   (no gloves)
MR       .....     NoTele   +   (no boots)
Stlth    +++.......             r - amulet "Helerenn" {+Rage rElec rN+ Int+4 Slay+3}
Regen    0.2/turn               q - ring of Tuit {Wiz -Tele rF+ MP+9 Str+5}
MPRegen  0.3/turn               p - ring of Waubetoi {+Fly rElec AC+3}

@: divine energy
A: blurry vision 1, negative energy resistance 1, screaming 1, electricity
resistance, unbreathing, petrification resistance, no potion heal 1, rot
immunity, AC +5
a: Stop Divine Energy, Channel Magic, Renounce Religion, Evoke Berserk Rage,
Evoke Flight


You were in the Dungeon.
You worshipped Sif Muna.
Sif Muna was most pleased with you.
You were not hungry.

You visited 1 branch You collected 420 gold pieces.
You spent 207 gold pieces at shops.

Inventory:

Hand Weapons
 o - a +0 scythe
   (You took it off Sigmund in the Dungeon)
 s - a +0 flail (weapon)
   (You took it off an orc in the Dungeon)
Missiles
 b - 30 stones (quivered)
Armour
 c - a +0 robe (worn)
Jewellery
 p - the ring of Waubetoi (left hand) {+Fly rElec AC+3}
   (You bought it in a shop in the Dungeon)

   [ring of protection]

   It affects your AC (+3).
   It insulates you from electricity.
   It lets you fly.
 q - the ring of Tuit (right hand) {Wiz -Tele rF+ MP+9 Str+5}
   (You bought it in a shop in the Dungeon)

   [ring of wizardry]

   It improves your spell success rate.
   It affects your strength (+5).
   It protects you from fire.
   It affects your magic capacity (+9).
   It prevents most forms of teleportation.
 r - the amulet "Helerenn" (around neck) {+Rage rElec rN+ Int+4 Slay+3}
   (You bought it in a shop in the Dungeon)

   [amulet of rage]

   It affects your intelligence (+4).
   It affects your accuracy and damage with ranged weapons and melee attacks
   (+3).
   It insulates you from electricity.
   It protects you from negative energy.
   It lets you go berserk.
Wands
 a - a wand of acid (1/15)
   (You found it in the Dungeon)
 l - a wand of iceblast (5/15)
   (You found it in the Dungeon)
Scrolls
 j - 4 scrolls of blinking {!r}
 m - 3 scrolls of fog
Potions
 e - a potion of curing
 f - 4 potions of heal wounds
 g - 4 potions of haste
 h - 2 potions of magic
 n - a potion of resistance
Books
 k - a book of Geomancy
Comestibles
 d - 8 royal jellies


   Skills:
 + Level 8.8 Fighting
 + Level 6.4 Maces & Flails
 + Level 7.0 Dodging
 - Level 5.9 Stealth
 + Level 7.7 Spellcasting
 - Level 0.7 Transmutations
 + Level 10.4 Earth Magic


You had 12 spell levels left.
You knew the following spells:

 Your Spells              Type           Power        Failure   Level  Hunger
a - Sandblast             Erth           ######       1%          1    None
c - Petrify               Tmut/Erth      ####....     4%          4    ###....
z - Lee's Rapid Deconstr  Erth           ######....   1%          5    #####..


Dungeon Overview and Level Annotations

Branches:
Dungeon (1/1)

Altars:
Cheibriados
Dithmenos
Fedhas
Gozag
Kikubaaqudgha
Makhleb
Okawaru
Qazlal
Ru
Sif Muna
Trog
Uskayaw
Vehumet
Wu Jian
Xom
Yredelemnul
Zin
The Shining One
Beogh
Jiyva
Lugonu

Shops:
D *[%??*?*:[((!!!!


Innate Abilities, Weirdness & Mutations

You are resistant to torment.
Your stone body is resilient. (AC +5)
You are immune to poison.
You resist negative energy. (rN+)
You are resistant to electric shocks. (rElec)
You can survive without breathing.
You are immune to petrification.
You are immune to rotting.
Scrolls take you a little longer to read.
You occasionally shout uncontrollably at your foes.
Potions are less effective at restoring your health.


Message History

The jelly hits you but does no damage.
You take 2 damage, and have 45/49 hp.
You sock the jelly!
You kill the jelly!
Sif Muna accepts your kill.
You start resting.
A shining eye comes into view.
You are no longer corroded.
You start resting.
Health restored: 49 The wall shatters!
The blast of rock fragments hits the shining eye.
The shining eye turns its gaze towards you.
You now have 21/26 mp.
The wall shatters!
The blast of rock fragments hits the shining eye.
You now have 16/26 mp.
The wall shatters!
The blast of rock fragments hits the shining eye. 20...
You now have 11/26 mp.
Okay, then.
Unknown command.
Okay, then.
Unknown command.
Aim: a shining eye (almost dead, chance to defeat MR: 4%)
Okay, then.
The shining eye gazes at you.
Strange energies course through your body.
You feel the urge to shout. The shining eye gazes at you.
Strange energies course through your body.
Your system partially rejects the healing effects of potions. 15... 10...
The wall shatters!
The blast of rock fragments hits the shining eye.
The shining eye gazes at you.
Strange energies course through your body.
Your vision blurs.
You now have 9/26 mp.
The statue shatters!
The blast of rock fragments hits the shining eye.
You kill the shining eye!
Sif Muna accepts your kill.
Victory!
Score multiplier: 3x You now have 150 arena points (gained 84).
Your Maces & Flails skill increases to level 6!
Your Dodging skill increases to level 7!
Your Earth Magic skill increases to level 10!
You have reached level 8!
You feel stronger.
Health restored: 56 You now have 4/28 mp.
Unknown command.
You now have 285 gold pieces (gained 120).
You are feeling hungry.
There is a staircase leading out of the dungeon here.
You aren't carrying any food.
Get ready!
ROUND 5!
BOSS ROUND!
You sense a tension in the east.
There is an entrance to Waurph's Bee Food here.
d - 3 royal jellies;
d - 6 royal jellies (gained 3)
d - 9 royal jellies (gained 3) Thank you for shopping at Waurph's Bee Food!
Okay, then.
You eat one of the 9 royal jellies.
That royal jelly was delicious!
You start resting. 50...
You regained 13 mp, and now have 23/28 mp.
A spriggan rider comes into view. It is wielding a spear.
The spriggan rider shouts!
The spriggan rider moves out of view.
The wall shatters!
The blast of rock fragments hits the spriggan rider.
You hear a shout!
A witch comes into view. It is wielding a dagger.
You now have 20/28 mp.
Okay, then.
The witch mumbles some strange words.
The witch flickers and vanishes!
Deactivating autopickup; reactivate with Ctrl-A.
The spriggan rider hits you from afar with a spear!!
You take 20 damage, and have 36/56 hp.
MASSIVE DAMAGE!!
The spriggan rider barely misses you.
The spriggan rider hits you from afar with a spear!
You take 13 damage, and have 23/56 hp.
MASSIVE DAMAGE!!
The wall shatters!
The blast of rock fragments hits the spriggan rider.
The spriggan rider hits you from afar with a spear!
* * * LOW HITPOINT WARNING * * *
You take 9 damage, and have 14/56 hp.
You now have 16/28 mp.
The wall shatters!
The blast of rock fragments hits the spriggan rider.
The spriggan rider hits you from afar with a spear!!
You die...

##∩.....∩## #∩.......∩#
#_......._# #_......._#
#_......._#
###.........###
#⌠i..........⌠#
######.8.........8.###
##∩___@[....##.......__
###∩..........# #[8......
##..............##..{.....
#⌠..........###...###.....
#⌠...........##.<.###.....
#⌠..........###...##......
##.............###........
###∩........8.###.8......
##∩.__......##......._.


You could see a spriggan rider.

Vanquished Creatures
  A shining eye (D)
  Sigmund (D)
  A soldier ant (D)
  2 floating eyes (D)
  An ice beast (D)
  3 killer bees (D)
  2 jellies (D)
  A hound (D)
  A worker ant (D)
  An ooze (D)
  2 adder simulacra (D)
  2 orcs (D)
  A jackal (D)
  A ball python simulacrum (D)
  A jackal simulacrum (D)
  A leopard gecko simulacrum (D)
22 creatures vanquished.

Notes
Turn   | Place    | Note
-------+----------+-------------------------------------------
     0 | D        | esc the Gargoyle Earth Elementalist began the quest for the Orb.
     0 | D        | Reached XP level 1. HP: 10/10 MP: 3/3
     1 | D        | Found a shimmering altar of Xom.
     1 | D        | Found a viscous altar of Jiyva.
     2 | D        | Found a blossoming altar of Fedhas.
     2 | D        | Found a glowing golden altar of the Shining One.
     3 | D        | Found a bloodstained altar of Trog.
     4 | D        | Found Waurph's Bee Food.
     4 | D        | Found a glowing silver altar of Zin.
     4 | D        | Found a shadowy altar of Dithmenos.
     4 | D        | Found Ofelamit's Identification Station.
     5 | D        | Found Jemiwuuh's Jewellery.
     5 | D        | Found Kuqe's Advanced Armour.
     5 | D        | Round 1.
     6 | D        | Noticed Sigmund
    10 | D        | Killed Sigmund
    10 | D        | Reached skill level 4 in Fighting
    10 | D        | Reached skill level 4 in Dodging
    10 | D        | Reached skill level 5 in Stealth
    10 | D        | Reached skill level 4 in Spellcasting
    10 | D        | Reached skill level 6 in Earth Magic
    10 | D        | Reached XP level 2. HP: 8/20 MP: 3/7
    10 | D        | Reached XP level 3. HP: 10/25 MP: 3/9
    10 | D        | Reached XP level 4. HP: 12/30 MP: 3/10
    10 | D        | Reached XP level 5. HP: 14/34 MP: 3/11
    11 | D        | Found a sacrificial altar of Ru.
    20 | D        | Bought a pitted copper ring for 45 gold pieces
    20 | D        | Bought a smoking amber ring for 45 gold pieces
    20 | D        | Bought a vibrating silver amulet for 45 gold pieces
    20 | D        | Identified the amulet "Helerenn" {+Rage rElec rN+ Int+4 Slay+3} (You bought it in a shop in the Dungeon)
    21 | D        | Identified the ring of Waubetoi {+Fly rElec AC+3} (You bought it in a shop in the Dungeon)
    22 | D        | Identified the ring of Tuit {Wiz -Tele rF+ MP+9 Str+5} (You bought it in a shop in the Dungeon)
    29 | D        | Learned a level 5 spell: Lee's Rapid Deconstruction
    36 | D        | Found Ojizeiha's Magic Scroll Shop.
    37 | D        | Found Ollan's Magic Scroll Shop.
    37 | D        | Found Heazoczu's Must-Have Magic.
    38 | D        | Found a burning altar of Makhleb.
    38 | D        | Found a stormy altar of Qazlal.
    38 | D        | Found an iron altar of Okawaru.
    38 | D        | Found Nuisan's Staff Store.
    42 | D        | Found an ornate altar of the Wu Jian Council.
    47 | D        | Found a snail-covered altar of Cheibriados.
    47 | D        | Found Neolib's Distillery.
    47 | D        | Found Nidirhas's Distillery.
    48 | D        | Found Vupn's Bottled Wisdom.
    54 | D        | Learned a level 4 spell: Petrify
    54 | D        | Found a hide-covered altar of Uskayaw.
    54 | D        | Found an opulent altar of Gozag.
    54 | D        | Found Vuiraub's Do-It-Yourself Clinic.
    58 | D        | Found a corrupted altar of Lugonu.
    59 | D        | Found a radiant altar of Vehumet.
    60 | D        | Found a roughly hewn altar of Beogh.
    61 | D        | Found an ancient bone altar of Kikubaaqudgha.
    61 | D        | Found a deep blue altar of Sif Muna.
    61 | D        | Found a basalt altar of Yredelemnul.
    61 | D        | Found Cikkamp's Weapon Rack.
    61 | D        | Found Foteid's Premium Goods.
    62 | D        | Found Buthren's Basic Armour.
    62 | D        | Found Etogrom's Miscellaneous Merchandise.
   121 | D        | Arena points: 12 (+12) [x2]
   121 | D        | Reached skill level 5 in Fighting
   121 | D        | Reached skill level 1 in Maces & Flails
   121 | D        | Reached skill level 5 in Spellcasting
   121 | D        | Reached skill level 7 in Earth Magic
   140 | D        | Became a worshipper of Sif Muna the Loreminder
   173 | D        | Round 2.
   199 | D        | Reached skill level 2 in Maces & Flails
   199 | D        | Reached XP level 6. HP: 30/41 MP: 4/13
   203 | D        | Reached skill level 6 in Fighting
   231 | D        | Reached skill level 5 in Dodging
   262 | D        | Noticed a soldier ant
   320 | D        | Reached * piety under Sif Muna
   320 | D        | Reached skill level 3 in Maces & Flails
   320 | D        | Reached skill level 8 in Earth Magic
   337 | D        | Killed a soldier ant
   337 | D        | Reached skill level 7 in Fighting
   337 | D        | Reached skill level 4 in Maces & Flails
   337 | D        | Reached skill level 6 in Spellcasting
   337 | D        | Reached XP level 7. HP: 48/48 MP: 4/16
   349 | D        | Arena points: 24 (+12) [x1]
   359 | D        | Round 3.
   414 | D        | Reached skill level 9 in Earth Magic
   425 | D        | Reached ** piety under Sif Muna
   479 | D        | Arena points: 66 (+42) [x2]
   556 | D        | Round 4.
   572 | D        | Paralysed by a floating eye for 2 turns
   576 | D        | Reached skill level 5 in Maces & Flails
   576 | D        | Reached skill level 6 in Dodging
   606 | D        | Reached skill level 8 in Fighting
   606 | D        | Reached skill level 7 in Spellcasting
   654 | D        | Reached *** piety under Sif Muna
   673 | D        | Noticed a shining eye
   695 | D        | Gained mutation: You occasionally shout uncontrollably at your foes. [a shining eye]
   696 | D        | Gained mutation: Potions are less effective at restoring your health. [a shining eye]
   706 | D        | Gained mutation: Scrolls take you a little longer to read. [a shining eye]
   707 | D        | Killed a shining eye
   707 | D        | Arena points: 150 (+84) [x3]
   707 | D        | Reached skill level 6 in Maces & Flails
   707 | D        | Reached skill level 7 in Dodging
   707 | D        | Reached skill level 10 in Earth Magic
   707 | D        | Reached XP level 8. HP: 56/56 MP: 4/19
   727 | D        | Round 5.
   737 | D        | Bought 3 royal jellies for 24 gold pieces
   737 | D        | Bought 3 royal jellies for 24 gold pieces
   737 | D        | Bought 3 royal jellies for 24 gold pieces
   804 | D        | Noticed a spriggan rider
   807 | D        | Noticed a witch
   813 | D        | HP: 14/56 [spriggan rider/spear (9)]
   814 | D        | Mangled by a spriggan rider

Vault maps used:
D:        arena_sprint

Skill      XL: |  1  2  3  4  5  6  7 |
---------------+----------------------+-----
Fighting       | 4 5 7 8 |  8.8
Dodging        | 4 5 7 |  7.0
Stealth        | 5 |  5.9
Spellcasting   | 4 5 6 7 |  7.7
Earth Magic    | 6 7 8 10 | 10.4
Maces & Flails | 2 4 6 |  6.4
Transmutations | |  0.7

Action                   |  1- 3 |  4- 6 |  7- 9 || total
-------------------------+-------+-------+-------++-------
Melee: Flail             |       |    11 |    13 ||    24
 Cast: Lee's Rapid Decon |       |    11 |    16 ||    27
Invok: Divine Energy     |       |       |     1 ||     1
Evoke: Wand              |     3 |     1 |       ||     4
  Use: Potion            |       |     1 |       ||     1
  Eat: Chunk             |       |     1 |       ||     1
       Bread ration      |       |       |     1 ||     1
       Royal jelly       |       |       |     1 ||     1
Armor: Robe              |       |     3 |     4 ||     7
Dodge: Dodged            |       |     8 |     3 ||    11

Vault maps used:
D:        arena_sprint

Table legend:
 A = Turns spent in this place as a percentage of turns spent in the entire game.
 B = Non-inter-level travel turns spent in this place as a percentage of non-inter-level travel turns spent in the entire game.
 C = Inter-level travel turns spent in this place as a percentage of turns spent in this place.
 D = Turns resting spent in this place as a percentage of non-inter-level travel turns spent in this place.
 E = Turns spent auto-exploring this place as a percentage of non-inter-level travel turns spent in this place.
 F = Non-inter-level travel turns spent in this place divided by the number of levels of this place that you've seen.
                   A       B       C       D       E      F
               +-------+-------+-------+-------+-------+----------------------
         Total | 100.0 | 100.0 |   0.0 |  12.8 |   0.0 | 461.0
       Dungeon | 100.0 | 100.0 |   0.0 |  12.8 |   0.0 | 461.0
               +-------+-------+-------+-------+-------+----------------------

Table legend:
 A = Kills in this place as a percentage of kills in entire the game.
 B = Kills by you in this place as a percentage of kills by you in the entire game.
 C = Kills by friends in this place as a percentage of kills by friends in the entire game.
 D = Other kills in this place as a percentage of other kills in the entire game.
 E = Experience gained in this place as a percentage of experience gained in the entire game.
 F = Experience gained in this place divided by the number of levels of this place that you have seen.
                   A       B       C       D       E      F
               +-------+-------+-------+-------+-------+----------------------
         Total | 100.0 | 100.0 |  -nan |  -nan | 100.0 | 1699.0
       Dungeon | 100.0 | 100.0 |  -nan |  -nan | 100.0 | 1699.0
               +-------+-------+-------+-------+-------+----------------------
